 Dungeon Crawl Stone Soup version 0.31.0-12-g77e489cdc1 (webtiles) character file.

Game seed: 8587638122500359906

872 Raatva the Changeling (level 7, -1/52 HPs)
             Began as a Demonspawn Brigand on Mar 4, 2024.
             Slain by a gnoll sergeant
             ... wielding a +0 trident
              (10 damage)
             ... on level 5 of the Dungeon.
             The game lasted 00:05:18 (4162 turns).

Raatva the Changeling (Demonspawn Brigand)          Turns: 4162, Time: 00:05:19

Health: -1/52      AC: 21    Str: 17    XL:     7   Next: 74%
Magic:  7/7        EV:  7    Int: 11    God:
Gold:   183        SH:  0    Dex: 20    Spells: 6/6 levels left

rFire   . .          .
                       - Unarmed
rCold   + . .        (no shield)
rNeg    . . .        u - +9 plate armour "Naazemn" {-Cast Rampage rC+ Dex+3}
rPois   .            (helmet restricted)
rElec   .            c - +0 cloak
rCorr   .            i - +0 pair of gloves
SInv    .            (no boots)
Will    .....        (no amulet) Stlth
                     S - +6 ring of strength
HPRegen 0.28/turn    (no ring)
MPRegen 0.10/turn

%: no spellcasting, rampage
@: no status effects
A: antennae 1, powered by death 1, sturdy frame 2
a: no special abilities


You were on level 5 of the Dungeon.
You visited 1 branch of the dungeon, and saw 5 of its levels.
You also visited: Ossuary.

You collected 183 gold pieces.


Innate Abilities, Weirdness & Mutations

You have a pair of small antennae on your head.
You regenerate a little health from kills.
Your movements are less encumbered by armour. (ER -4)


   Skills:
 - Level 3.0 Fighting
 - Level 1.7 Short Blades
 - Level 1.7 Throwing
 - Level 0.8 Dodging
 - Level 3.6 Stealth
 - Level 4.0 Unarmed Combat
 + Level 5.8 Shapeshifting


You had 6 spell levels left.
You didn't know any spells.
Your spell library contained the following spells:

 Spells                   Type           Power      Damage    Failure   Level
 Sublimation of Blood     Necr           0%         N/A       100%        2
 Hailstorm                Conj/Ice       0%         3d5       100%        3
 Summon Ice Beast         Ice/Summ       0%         N/A       100%        3
 Petrify                  Alch/Erth      0%         N/A       100%        4
 Irradiate                Conj/Alch      0%         3d11      100%        5
 Sculpt Simulacrum        Ice/Alch       0%         N/A       100%        6
 Chain Lightning          Conj/Air       0%         N/A       100%        9
 Fire Storm               Conj/Fire      0%         5d1       100%        9
 Shatter                  Erth           0%         3d5*      100%        9

Inventory:

Hand Weapons
 a - a +2 dagger
 r - a +3 sling
Missiles
 d - 12 poisoned darts (quivered)
 e - 3 curare-tipped darts {=f}
Armour
 b - a +0 robe
 c - a +0 cloak (worn)
 i - a +0 pair of gloves (worn)
 l - a +0 ring mail
 u - the +9 plate armour "Naazemn" (worn) {-Cast Rampage rC+ Dex+3}
   (You found it on level 3 of the Dungeon)

   Dex+3:     It affects your dexterity (+3).
   rC+:       It protects you from cold.
   -Cast:     It prevents spellcasting.
   Rampage:   It bestows one free step when moving towards enemies.
Magical Staves
 g - a staff of alchemy {!a}
 o - a staff of air {!a}
Jewellery
 F - a ring of fire
 S - a +6 ring of strength (left hand)
Talismans
 f - a flux talisman
Wands
 q - a wand of flame (35)
Scrolls
 j - 5 scrolls of identify {unknown}
 k - 3 scrolls of amnesia {unknown}
 m - 10 scrolls of noise
 n - 2 scrolls of enchant weapon {unknown}
 s - 2 scrolls of fear {unknown}
 y - a scroll of brand weapon {unknown}
 B - a scroll of fog {unknown}
Potions
 h - a potion of ambrosia {unknown}
 p - 2 potions of cancellation {unknown}
 t - a potion of mutation {unknown}
 v - 3 potions of magic {unknown}
 w - 2 potions of invisibility {unknown}
 x - a potion of heal wounds {unknown}
 z - 2 potions of brilliance {unknown}
 A - a potion of curing {unknown}

Dungeon Overview and Level Annotations

Branches:
Dungeon (5/15)            Ossuary (visited)
 Temple: D:4-7

Altars:
Dithmenos
Yredelemnul

Annotations:
D:4 2 transporters, seawaffle's ghost, amateur GrSh

#..........#
######.....#
#.....# ###.#.#
##########.#.#
##..........#.#
####..########.#.#
..##.####### #.#.#
...........# #.#@#
..#.######.# #.#g#
#.#.# #.#g# ..#.#
#.#g# ....# #.#g#
...##


#gg #..... .o. #>..### ... #.#.# ?... You could see a gnoll sergeant, 5 gnolls
and an orc.


Message History

You are too injured to fight recklessly!
You are too injured to fight recklessly!
You are too injured to fight recklessly!
You are too injured to fight recklessly!
You are too injured to fight recklessly!
You are too injured to fight recklessly!
You are too injured to fight recklessly!
You are too injured to fight recklessly!
You are too injured to fight recklessly!
You are too injured to fight recklessly!
You are too injured to fight recklessly!
You are too injured to fight recklessly!
You are too injured to fight recklessly!
Unknown command.
You are now empty-handed.
Unknown command.
The gnoll sergeant hits you but does no damage.
You rampage towards the gnoll sergeant!
You barely miss the gnoll sergeant.
The gnoll sergeant is moderately wounded.
The gnoll sergeant hits you with a +0 trident!
* * * LOW HITPOINT WARNING * * *
Unknown command.
You hit the gnoll sergeant.
The gnoll sergeant is moderately wounded.
The gnoll sergeant hits you with a +0 trident.
* * * LOW HITPOINT WARNING * * *
You hit the gnoll sergeant.
The gnoll sergeant is heavily wounded.
The gnoll sergeant hits you with a +0 trident!
You die...

Skill      XL: |  1  2  3  4  5  6  7 |
---------------+----------------------+-----
Fighting       | 3 |  3.0
Unarmed Combat | 1 2 3 4 |  4.0
Shapeshifting  | 2 4 5 |  5.8
Short Blades   | |  1.7
Throwing       | |  1.7
Dodging        | |  0.8
Stealth        | |  3.6

Action                     |  1- 3 |  4- 6 |  7- 9 || total
---------------------------+-------+-------+-------++-------
  Melee: Dagger            |   106 |    83 |   199 ||   388
         Punch             |     1 |     4 |     8 ||    13
         Unarmed           |       |       |     3 ||     3
   Fire: Sling             |    18 |    37 |       ||    55
   Stab: Sleeping          |    13 |       |       ||    13
 Armour: Robe              |    31 |       |       ||    31
         Ring mail         |    33 |     1 |       ||    34
         Plate armour      |       |   150 |   156 ||   306
  Dodge: Dodged            |    57 |    65 |    54 ||   176

Levels and vault maps discovered:
D:1:      erik_arrival_triangle_small, layout_loops_cross,
          shapermc_ecumenical_altar_ellora, minmay_misc_feat_secret_circle
D:2:      layout_loops_cross, basic_altar, minmay_small_reverse_x
D:3:      layout_rooms, lemuel_tele_altar
D:4:      layout_basic, gammafunk_ghost_gnarly_gnolls, lightli_corner_chamber,
          uniq_eustachio
D:5:      layout_basic, chequers_temple_overflow_minitemple, enter_ossuary_5

Notes
Turn   | Place    | Note
-------+----------+-------------------------------------------
     0 | D:1      | Raatva the Demonspawn Brigand began the quest for the Orb.
     0 | D:1      | Reached XP level 1. HP: 16/16 MP: 1/1
   185 | D:1      | Gained mutation: Your movements are slightly less
                  | encumbered by armour. (ER -2) [demonic ancestry]
   185 | D:1      | Reached XP level 2. HP: 16/23 MP: 2/2
   371 | D:1      | Reached skill level 3 in Fighting
   643 | D:1      | Found a faded altar of an unknown god.
   896 | D:2      | Found a shadowy altar of Dithmenos.
   911 | D:2      | Reached skill level 1 in Unarmed Combat
   999 | D:2      | Reached XP level 3. HP: 29/29 MP: 3/3
  1058 | D:2      | Reached skill level 2 in Unarmed Combat
  1724 | D:3      | Identified the +9 plate armour "Naazemn" {-Cast Rampage rC+
                  | Dex+3}
  1839 | D:3      | Gained mutation: You regenerate a little health from kills.
                  | [demonic ancestry]
  1839 | D:3      | Reached XP level 4. HP: 29/35 MP: 4/4
  1974 | D:3      | Reached skill level 3 in Unarmed Combat
  2162 | D:3      | Found a basalt altar of Yredelemnul.
  2246 | D:4      | Reached XP level 5. HP: 41/41 MP: 5/5
  2257 | D:4      | Noticed Eustachio
  2265 | D:4      | Found a transporter.
  2265 | D:4      | Found a transporter.
  2307 | D:4      | Killed Eustachio
  2308 | D:4      | Reached skill level 4 in Unarmed Combat
  2308 | D:4      | Reached skill level 2 in Shapeshifting
  2308 | D:4      | Gained mutation: Your movements are less encumbered by
                  | armour. (ER -4) [demonic ancestry]
  2308 | D:4      | Reached XP level 6. HP: 7/47 MP: 6/6
  2513 | D:4      | Reached skill level 3 in Shapeshifting
  2600 | D:4      | Noticed seawaffle's ghost (amateur GrSh)
  2757 | D:4      | HP: 4/47 [ogre/+0 giant club (10)]
  2763 | D:4      | Reached skill level 4 in Shapeshifting
  2763 | D:4      | Gained mutation: You have a pair of small antennae on your
                  | head. [demonic ancestry]
  2763 | D:4      | Reached XP level 7. HP: 7/52 MP: 7/7
  2972 | D:4      | Identified the +9 halberd of Valiance {elec, *Corrode rPois
                  | rN+ Dex+3}
  3175 | D:4      | Noticed a steam dragon
  3348 | D:5      | Entered Level 5 of the Dungeon
  3516 | D:5      | Found a sand-covered staircase.
  3521 | Ossuary  | Entered an ossuary
  3599 | Ossuary  | Reached skill level 5 in Shapeshifting
  4162 | D:5      | Slain by a gnoll sergeant

Vanquished Creatures
  Eustachio (D:4)
  2 ogres (D:4)
  2 weeping skulls (Ossuary)
  A scorpion (D:5)
  A centaur zombie (Ossuary)
  3 hounds
  An orc priest (D:4)
  A sleepcap (D:4)
  5 mummies (Ossuary)
  5 adders
  A ribbon worm (D:2)
  2 dart slugs
  7 orcs
  4 ball pythons
  10 endoplasms
  3 giant cockroaches
  3 gnoll zombies (Ossuary)
  8 goblins
  5 hobgoblins
  6 quokkas
  2 bats
  2 frilled lizards (D:2)
  7 kobolds
  A kobold zombie (Ossuary)
  3 orc zombies (Ossuary)
  3 rats
89 creatures vanquished.

Table legend: (Time is in decaauts)
 A = Elapsed time spent in this place.
 B = Non-inter-level travel time spent in this place.
 C = Inter-level travel time spent in this place.
 D = Time resting spent in this place.
 E = Time spent auto-exploring this place.
 F = Levels seen in this place.
 G = Mean time per level.
                   A        B        C        D        E       F      G
               +--------+--------+--------+--------+--------+-----+--------+
         Total |   4163 |   3984 |    179 |    474 |   2612 |   6 |  693.8 |
       Dungeon |   3591 |   3412 |    179 |    203 |   2510 |   5 |  718.2 |
       Ossuary |    572 |    572 |      0 |    271 |    102 |   1 |  572.0 |
               +--------+--------+--------+--------+--------+-----+--------+

Top non-repeatable levels by time:
     D:4: 1161 daAuts
     D:1: 891 daAuts
     D:2: 742 daAuts
 Ossuary: 572 daAuts
     D:3: 571 daAuts
     D:5: 224 daAuts

Table legend:
 A = Non-vault XP
 B = Vault XP
 C = Vault XP percentage of total XP
 D = Non-vault monster count
 E = Vault monster count
 F = Vault count percentage of total count
                 A         B        C        D         E       F
            +---------+---------+-------+---------+---------+-------
      Total |     704 |     543 |  43.5 |      69 |      20 |  22.5
            +---------+---------+-------+---------+---------+-------
        D:1 |      29 |       0 |   0.0 |      16 |       0 |   0.0
        D:2 |      43 |       9 |  17.3 |      17 |       4 |  19.0
        D:3 |      50 |       0 |   0.0 |      13 |       0 |   0.0
        D:4 |     459 |     196 |  29.9 |      21 |       1 |   4.5
        D:5 |     123 |       0 |   0.0 |       2 |       0 |   0.0
    Ossuary |       0 |     338 | 100.0 |       0 |      15 | 100.0
            +---------+---------+-------+---------+---------+-------
